 Dungeon Crawl Stone Soup version 0.28.0-53-g5a82cb258f (webtiles) character file.

Game seed: 18069195845447263661

89448 H0rd4k the Basher (level 16, -15/117 (118) HPs)
             Began as a Human Artificer on July 27, 2022.
             Was an Initiate of Gozag.
             Demolished by a sun demon (18 damage)
             ... summoned by an orc sorcerer
             ... on level 1 of the Orcish Mines.
             The game lasted 00:45:25 (26410 turns).

H0rd4k the Basher (Human Artificer)                Turns: 26410, Time: 00:45:26

HP:   -15/117 (118) AC: 12    Str: 11    XL:     16   Next: 44%
MP:   0/30          EV:  7    Int: 22    God:    Gozag
Gold: 1622          SH:  0    Dex: 15    Spells: 29/36 levels left

rFire   . . .      SeeInvis .   P - +3 flail (drain)
rCold   . . .      Faith    .   (no shield)
rNeg    . . .      Spirit   +   W - +8 chain mail of Grace {Will++ Str-2 Int+4}
rPois   .          Reflect  .   T - +0 helmet
rElec   .          Harm     .   (no cloak)
rCorr   .          Rampage  .   R - +2 pair of gloves {infuse}
Will    +++..                   (no boots)
Stlth   ..........              J - amulet of guardian spirit
HPRegen 0.29/turn               h - +4 ring of protection
MPRegen 0.22/turn               b - ring of wizardry

@: about to teleport, corroded, gold aura, lightly drained
A: no striking features
a: Renounce Religion, Potion Petition, Call Merchant, Bribe Branch


You were on level 1 of the Orcish Mines.
You worshipped Gozag.
Gozag was most pleased with you.
You visited 4 branches of the dungeon, and saw 20 of its levels.
You also visited: Ossuary and Volcano.

You collected 3702 gold pieces.
You spent 1545 gold pieces at shops.
You paid 535 gold pieces to Gozag.

Inventory:

Hand Weapons
 P - a +3 flail of draining (weapon)
Missiles
 u - 33 poisoned darts (quivered)
Armour
 R - a +2 pair of gloves of infusion (worn)
 T - a +0 helmet (worn)
 W - the +8 chain mail of Grace (worn) {Will++ Str-2 Int+4}
   (You bought it in a shop on level 11 of the Dungeon)

   Str:       It affects your strength (-2).
   Int:       It affects your intelligence (+4).
   Will:      It greatly increases your willpower.
Jewellery
 b - a ring of wizardry (right hand)
 c - a ring of poison resistance
 h - a +4 ring of protection (left hand)
 C - a ring of flight
 G - an amulet of regeneration
 J - an amulet of guardian spirit (around neck)
Wands
 i - a wand of polymorph (2)
 H - a wand of digging (13)
 N - a wand of flame (28)
Scrolls
 a - 4 scrolls of enchant armour {unknown}
 f - a scroll of holy word {unknown}
 m - 8 scrolls of teleportation
 n - 4 scrolls of amnesia
 o - 2 scrolls of immolation {unknown}
 v - 5 scrolls of fog {unknown}
 y - 2 scrolls of silence
 z - a scroll of fear {unknown}
 D - 3 scrolls of magic mapping
 F - a scroll of enchant weapon {unknown}
 I - 2 scrolls of noise {unknown}
 K - 4 scrolls of blinking {unknown}
 L - 4 scrolls of vulnerability {unknown}
 S - a scroll of brand weapon {unknown}
Potions
 d - 2 potions of heal wounds
 g - 5 potions of magic
 j - 5 potions of degeneration
 k - a potion of invisibility
 l - 5 potions of curing
 p - 3 potions of lignification
 q - 3 potions of flight
 r - 5 potions of mutation
 t - 6 potions of haste
 A - 3 potions of cancellation
 Q - 3 potions of might
Miscellaneous
 e - a piece from Xom's chessboard (15/15)


   Skills:
 - Level 8.4 Fighting
 - Level 13.5 Maces & Flails
 - Level 0.9 Throwing
 - Level 2.0 Armour
 - Level 8.3 Dodging
 - Level 1.0 Stealth
 * Level 10.9 Spellcasting
 + Level 3.4 Conjurations
 * Level 10.6 Hexes
 + Level 6.5 Summonings
 + Level 4.8 Air Magic
 - Level 6.0 Evocations


You had 29 spell levels left.
You knew the following spells:

 Your Spells              Type           Power      Damage    Failure   Level
a - Summon Lightning Spi  Summ/Air       37%        N/A       69%         4
b - Summon Guardian Gole  Hex/Summ       49%        N/A       11%         3

Your spell library contained the following spells:

 Spells                   Type           Power      Damage    Failure   Level
 Summon Small Mammal      Summ           100%       N/A       9%          1
 Call Canine Familiar     Summ           41%        N/A       24%         3
 Inner Flame              Hex/Fire       35%        N/A       36%         3
 Foxfire                  Conj/Fire      76%        2x1d7     47%         1
 Corpse Rot               Necr/Air       44%        N/A       52%         2
 Poisonous Vapours        Pois/Air       44%        N/A       52%         2
 Summon Mana Viper        Hex/Summ       49%        N/A       65%         5
 Apportation              Tloc           24%        N/A       71%         1
 Beastly Appendage        Tmut           24%        N/A       71%         1
 Freeze                   Ice            48%        1d7       71%         1
 Pain                     Necr           48%        1d6       71%         1
 Sandblast                Erth           24%        2d8       71%         1
 Sting                    Tmut/Pois      48%        1d5       71%         1
 Conjure Flame            Conj/Fire      19%        6-21      83%         3
 Stone Arrow              Conj/Erth      38%        3d9       83%         3
 Passwall                 Tmut/Erth      10%        N/A       85%         2
 Wereblood                Tmut           12%        N/A       85%         2
 Frozen Ramparts          Ice            24%        1d4       96%         3
 Spider Form              Tmut/Pois      12%        N/A       96%         3
 Metabolic Englaciation   Hex/Ice        17%        N/A       97%         5
 Flame Wave               Conj/Fire      19%        2d6       99%         4
 Hailstorm                Conj/Ice       19%        3d6       99%         4
 Olgreb's Toxic Radiance  Pois           12%        N/A       100%        4
 Petrify                  Tmut/Erth      12%        N/A       100%        4
 Agony                    Necr           12%        N/A       100%        5
 Alistair's Intoxication  Tmut/Pois      8%         N/A       100%        5
 Excruciating Wounds      Necr           6%         N/A       100%        5
 Summon Forest            Summ/Tloc      13%        N/A       100%        5
 Statue Form              Tmut/Erth      8%         N/A       100%        6
 Summon Cactus Giant      Summ           20%        N/A       100%        6
 Orb of Destruction       Conj           13%        9d7       100%        7
 Spellforged Servitor     Conj/Summ      17%        N/A       100%        7
 Storm Form               Tmut/Air       11%        N/A       100%        7
 Maxwell's Capacitive Co  Air            16%        ∞         100%        8


Dungeon Overview and Level Annotations

Branches:
Dungeon (12/15)            Temple (1/1) D:5            Lair (6/6) D:9
  Swamp (0/4) Lair:2        Snake (0/4) Lair:2        Slime (0/5) Lair:6
    Orc (1/2) D:11        Ossuary (visited)         Volcano (visited)

Altars:
Ashenzari
Cheibriados
Dithmenos
Elyvilon
Fedhas
Gozag
Hepliaklqana
Kikubaaqudgha
Makhleb
Nemelex Xobeh
Okawaru
Qazlal
Ru
Sif Muna
Trog
Uskayaw
Vehumet
Wu Jian
Xom
Yredelemnul
Zin
The Shining One

Shops:
D:1 [*[=   D:9 =   D:11 [

Annotations:
D:3 1 runed translucent door, exclusion: door, Crazy Yiuf
D:4 1 runed translucent door, exclusions: door and upstairs, Silk's ghost, weakling BaSu
D:7 3 runed translucent doors, exclusion: 3 doors, Flure's ghost, novice KoBr
D:8 exclusion: downstairs
D:9 Gastronok
D:10 exclusions: downstairs and upstairs
D:11 exclusion: downstairs
Lair:1 exclusion: 2 downstairs
Lair:4 exclusion: 2 downstairs
Lair:5 exclusion: downstairs
Orc:1 Nergalle


Message History

The orc warrior is no longer distracted by gold.
The orc high priest hits you with a +0 dire flail!
The orc hits you with a +0 hand axe. The rust devil hits you.
The rust devil corrodes you! The ogre hits you but does no damage.
The orc sorcerer hits you but does no damage.
The ogre is distracted by your dazzling golden aura.
The sun demon hits you but does no damage.
The ogre shouts!
You hit the orc warrior but do no damage.
You drain the orc warrior.
The orc warrior is lightly wounded.
You hear a shout!
The orc warrior is no longer distracted by gold.
The orc warrior hits you but does no damage.
The orc warrior is distracted by your dazzling golden aura.
The orc high priest hits you with a +0 dire flail!
The orc is distracted by your dazzling golden aura.
The rust devil hits you. The rust devil corrodes you! The sun demon hits you!
You are engulfed in flames!
The orc sorcerer hits you with a +0 dagger.
The orc shouts!
The orc warrior shouts!
You hit the orc warrior but do no damage.
You drain the orc warrior.
The orc warrior is lightly wounded.
Nergalle is no longer distracted by gold.
The orc warrior is no longer distracted by gold.
The orc priest is no longer distracted by gold.
The ogre hits you with a +0 giant club!
* * * LOW HITPOINT WARNING * * *
The orc warrior hits you with a +0 glaive!
* * * LOW HITPOINT WARNING * * *
An orc comes into view. It is wielding a +0 dagger.
The orc knight roars a battlecry!
The orc high priest hits you with a +0 dire flail!
* * * LOW HITPOINT WARNING * * *
The sun demon hits you!
* * * LOW HITPOINT WARNING * * *
You are engulfed in flames!!
You die...
Your body crumbles into a pile of gold.

..... ##....o.... ##
#...$......
##.##........#.
###......##..$..#
##.##.#..#........
#...#..$.4..$.....
#####.#..$$3o4....... $ #
##.#.#.....#o@oo..#.
.###..........oOOo....>..
..#.....§#...oZZo....$..$
.#..#..§≈$#o....Z........
.......≈.o.oo............
.....#.≈.§§§≈..........$.
......#.#§≈§#............
o..#.§...§........#...#$.
...§≈..##...#......###.


You could see an orc knight, Nergalle (strong), an orc high priest (strong), a
sun demon (summoned), an ice devil (summoned), a rust devil (summoned), 2
spectral orcs, a spectral orc warlord (summoned), an orc sorcerer (strong), 2
orc warriors, 2 ogres, an orc priest and 6 orcs.

Vanquished Creatures
  Snorg (Lair:5)
  Josephine (D:10)
  3 hydras
  A boulder beetle (D:8)
  3 two-headed ogres
  6 death yaks
  Urug (Lair:5)
  Sonja (Lair:5)
  A deep elf archer (Volcano)
  An orc sorcerer (Orc:1)
  6 deep elf pyromancers
  A deep elf zephyrmancer (D:8)
  An oklob plant (Lair:3)
  2 manticores
  5 black mambas
  8 elephants
  11 cane toads
  5 rime drakes
  7 komodo dragons
  A troll (D:10)
  2 polar bears
  A wind drake (Lair:6)
  2 hornets
  A meliai zombie (D:10)
  6 spriggans
  4 wraiths (D:10)
  22 yaks
  Eustachio (D:6)
  4 wyverns
  6 basilisks
  2 steam dragons
  2 wargs (Orc:1)
  A swamp worm (Lair:2)
  An acid dragon (D:11)
  17 water moccasins
  6 hell hounds (Volcano)
  4 black bears
  An ice beast (D:8)
  2 sky beasts
  A hornet zombie (D:7)
  7 orc warriors
  3 wolves (Lair:4)
  4 centaurs
  A phantom (D:6)
  A kobold brigand (D:9)
  8 bullfrogs
  6 scorpions
  A wyvern zombie (D:8)
  A wyvern skeleton (D:7)
  A water moccasin skeleton (D:5)
  7 killer bees
  5 howler monkeys
  2 electric eels
  5 centaur zombies
  3 orc priests
  3 hounds
  2 jellies
  2 human zombies (Ossuary)
  An iguana (D:5)
  An iron imp (D:9)
  A scorpion zombie (Ossuary)
  Ijyb (D:3)
  2 orc wizards
  2 mummies (Ossuary)
  A howler monkey zombie (D:7)
  A howler monkey skeleton (D:5)
  An adder (D:4)
  2 white imps (D:5)
  2 ufetubi
  A worm (D:2)
  4 dart slugs
  30 orcs
  8 endoplasms
  2 giant cockroaches
  10 goblins
  8 hobgoblins
  14 kobolds
  6 quokkas
  3 ball pythons
  4 bats
  4 frilled lizards
  A goblin zombie (Ossuary)
  2 kobold zombies (Ossuary)
  An orc zombie (Ossuary)
  6 rats
333 creatures vanquished.

Vanquished Creatures (collateral kills)
  A cyclops (D:11)
  2 deep elf pyromancers (Volcano)
  A komodo dragon (Lair:2)
  A yaktaur (shapeshifter) (D:11)
  3 yaks (Lair:2)
  2 fire elementals (Volcano)
  A swamp worm (Lair:2)
  An ogre (D:5)
  3 scorpions (Ossuary)
  A killer bee (D:11)
  A human zombie (Ossuary)
  A scorpion zombie (Ossuary)
  A mummy (Ossuary)
  A gnoll (D:4)
  An adder (D:4)
  3 orcs (D:5)
  2 endoplasms
  A hobgoblin (D:3)
  A quokka (D:3)
  A ball python (D:4)
  4 gnoll zombies (Ossuary)
  2 hobgoblin zombies (Ossuary)
  2 kobold zombies (Ossuary)
  A rat (D:3)
38 creatures vanquished.

Vanquished Creatures (others)
  A deep elf pyromancer (Volcano)
  2 scorpions (Ossuary)
  2 orc wizards
  A hobgoblin zombie (Ossuary)
  A bush (D:5)
  31 fungi
  70 plants
108 creatures vanquished.

Grand Total: 479 creatures vanquished

Notes
Turn   | Place    | Note
-------+----------+-------------------------------------------
     0 | D:1      | H0rd4k the Human Artificer began the quest for the Orb.
     0 | D:1      | Reached XP level 1. HP: 15/15 MP: 1/1
   162 | D:1      | Found a faded altar of an unknown god.
   207 | D:1      | Reached XP level 2. HP: 15/21 MP: 2/2
   451 | D:1      | Found Copp's Antique Armour Shop.
   548 | D:1      | Found Maufix's General Store.
   583 | D:1      | HP: 1/21 [quokka (2)]
  1020 | D:1      | Found Foynt's Jewellery Shoppe.
  1063 | D:1      | Reached XP level 3. HP: 26/26 MP: 3/3
  1599 | D:1      | Found Zyxo's Antique Armour Shoppe.
  2187 | D:2      | Reached skill level 1 in Maces & Flails
  2646 | D:2      | Reached XP level 4. HP: 32/32 MP: 4/4
  2798 | D:3      | Noticed a black bear
  2942 | D:3      | Found an ornate altar of the Wu Jian Council.
  3059 | D:3      | Found a bloodstained altar of Trog.
  3261 | D:3      | Noticed Ijyb
  3286 | D:3      | Found an ancient bone altar of Kikubaaqudgha.
  3343 | D:3      | Found a shimmering blue altar of Sif Muna.
  3582 | D:3      | Found a runed translucent door.
  3583 | D:3      | Noticed Crazy Yiuf
  3827 | D:4      | Found a sand-covered staircase.
  3836 | Ossuary  | Entered an ossuary
  3842 | Ossuary  | Noticed a scorpion
  3864 | Ossuary  | Noticed a scorpion
  3868 | Ossuary  | Noticed a scorpion
  3875 | Ossuary  | Killed a scorpion
  3876 | Ossuary  | Reached skill level 2 in Maces & Flails
  3876 | Ossuary  | Reached XP level 5. HP: 38/38 MP: 5/5
  3900 | Ossuary  | Reached skill level 3 in Maces & Flails
  3907 | Ossuary  | Reached XP level 6. HP: 38/44 MP: 6/6
  4172 | Ossuary  | Reached skill level 4 in Maces & Flails
  4183 | Ossuary  | Reached XP level 7. HP: 41/50 MP: 7/7
  4348 | Ossuary  | Reached skill level 5 in Maces & Flails
  4951 | D:4      | Found a runed translucent door.
  4953 | D:4      | Noticed Silk's ghost (weakling BaSu)
  5071 | D:4      | Found a basalt altar of Yredelemnul.
  5443 | D:5      | Entered Level 5 of the Dungeon
  5591 | D:5      | Found a staircase to the Ecumenical Temple.
  5603 | D:5      | Reached XP level 8. HP: 31/57 MP: 8/8
  5679 | Temple   | Entered the Ecumenical Temple
  5859 | Temple   | Became a worshipper of Gozag Ym Sagoz the Greedy
  6096 | D:5      | Found a shadowy altar of Dithmenos.
  6116 | D:5      | Reached skill level 6 in Maces & Flails
  7306 | D:5      | Reached skill level 7 in Maces & Flails
  7964 | D:6      | Identified the +4 ring mail of a sewer {Harm rElec rC-}
  8126 | D:6      | Reached XP level 9. HP: 40/65 MP: 9/9
  8200 | D:6      | Reached skill level 5 in Dodging
  8251 | D:6      | Noticed Eustachio
  8303 | D:6      | Killed Eustachio
  8647 | D:1      | Bought a pair of pitted gloves for 266 gold pieces
  8647 | D:1      | Identified the -4 pair of gloves of the Sneaky Lives {rN+}
                  | (You bought it in a shop on level 1 of the Dungeon)
  8752 | D:3      | Killed Ijyb
  8996 | D:7      | Found a runed translucent gate.
  8996 | D:7      | Found a runed translucent gate.
  8996 | D:7      | Found a runed translucent gate.
  9003 | D:7      | Noticed Flure's ghost (novice KoBr)
  9040 | D:7      | Reached skill level 8 in Maces & Flails
  9265 | D:7      | Noticed a hornet
  9412 | D:7      | Found a burning altar of Makhleb.
  9528 | D:7      | Found a glowing golden altar of the Shining One.
  9633 | D:7      | Paralysed by a hornet for 1 turns
  9639 | D:7      | Paralysed by a hornet for 2 turns
  9886 | D:8      | Found a stormy altar of Qazlal.
  9901 | D:8      | Noticed a boulder beetle
  9934 | D:8      | Noticed a deep elf zephyrmancer
  9943 | D:8      | Killed a deep elf zephyrmancer
  9944 | D:8      | Reached skill level 9 in Maces & Flails
  9944 | D:8      | Reached skill level 5 in Evocations
  9944 | D:8      | Reached XP level 10. HP: 73/73 MP: 10/10
 10211 | D:8      | Killed a boulder beetle
 10212 | D:8      | Reached skill level 5 in Fighting
 10276 | D:8      | Reached skill level 10 in Maces & Flails
 10376 | D:8      | Noticed a +0 dagger
 10376 | D:8      | Noticed a +0 spear
 10377 | D:8      | Noticed a +0 falchion
 10377 | D:8      | Noticed a +0 falchion
 10377 | D:8      | Noticed a +0 short sword
 10378 | D:8      | Noticed a +0 short sword
 10378 | D:8      | Noticed a +0 dagger
 10380 | D:8      | Noticed a +0 spear
 10387 | D:8      | Found a hide-covered altar of Uskayaw.
 10554 | D:8      | Found a blossoming altar of Fedhas.
 10840 | D:9      | Noticed Gastronok
 11186 | D:9      | Noticed a two-headed ogre
 11353 | D:9      | Killed a two-headed ogre
 11354 | D:9      | Reached skill level 1 in Spellcasting
 11506 | D:9      | Found a staircase to the Lair.
 11620 | D:9      | Found a snail-covered altar of Cheibriados.
 11683 | D:9      | HP: 1/76 [Gastronok/the air (22)]
 11689 | D:10     | Entered Level 10 of the Dungeon
 11781 | D:10     | Reached skill level 11 in Maces & Flails
 11781 | D:10     | Reached XP level 11. HP: 81/81 MP: 13/13
 12177 | D:10     | Noticed Josephine
 12200 | D:10     | Killed Josephine
 12734 | D:11     | Found Mios Ewnau's Armour Shoppe.
 12734 | D:11     | Found a staircase to the Orcish Mines.
 12794 | D:11     | Reached skill level 12 in Maces & Flails
 12801 | D:11     | Bought a +2 pair of gloves of infusion for 258 gold pieces
 12812 | D:11     | Bought the +8 chain mail of Grace {Will++ Str-2 Int+4} for
                  | 769 gold pieces
 12990 | D:11     | Noticed a two-headed ogre
 12990 | D:11     | Noticed a manticore
 12990 | D:11     | Noticed a cyclops
 13036 | D:11     | Noticed a deep elf pyromancer
 13048 | D:11     | Killed a deep elf pyromancer
 13049 | D:11     | Noticed a two-headed ogre
 13091 | D:11     | Killed a two-headed ogre
 13129 | D:11     | Killed a manticore
 13213 | D:11     | Killed a cyclops
 13227 | D:11     | Killed a two-headed ogre
 13399 | D:11     | Noticed a four-headed hydra
 13404 | D:11     | Killed a four-headed hydra
 13405 | D:11     | Reached XP level 12. HP: 92/92 MP: 15/18
 13977 | Lair:1   | Entered Level 1 of the Lair of Beasts
 14300 | Lair:1   | Reached skill level 13 in Maces & Flails
 15156 | Lair:2   | You fall into a shaft and drop 2 floors!
 15488 | Lair:3   | Reached skill level 5 in Spellcasting
 15569 | Lair:3   | Learned a level 4 spell: Summon Lightning Spire
 15573 | Lair:3   | Learned a level 3 spell: Summon Guardian Golem
 15678 | Lair:3   | Reached skill level 1 in Summonings
 15844 | Lair:2   | Reached skill level 1 in Hexes
 15887 | Lair:2   | Found a staircase to the Snake Pit.
 16390 | Lair:2   | Noticed a five-headed hydra
 16395 | Lair:2   | Killed a five-headed hydra
 16396 | Lair:2   | Reached XP level 13. HP: 99/99 MP: 20/22
 16455 | Lair:2   | Noticed an eight-headed hydra
 16471 | Lair:2   | Reached skill level 1 in Conjurations
 16488 | Lair:2   | Killed an eight-headed hydra
 16489 | Lair:2   | Reached skill level 1 in Air Magic
 17177 | Lair:2   | Found a staircase to the Swamp.
 17537 | D:1      | Bought a faintly glowing ring mail for 252 gold pieces
 17537 | D:1      | Identified the +2 ring mail of Perpetual Drought {Str+2}
                  | (You bought it in a shop on level 1 of the Dungeon)
 18307 | Lair:3   | Reached skill level 5 in Hexes
 21453 | Lair:5   | Noticed Snorg
 21464 | Lair:5   | Killed Snorg
 21465 | Lair:5   | Reached XP level 14. HP: 58/106 MP: 7/26
 21733 | Lair:5   | Noticed Urug
 22143 | Lair:5   | Noticed Sonja
 22805 | Lair:5   | Killed Sonja
 23243 | Lair:5   | Killed Urug
 23640 | Lair:5   | Reached skill level 5 in Summonings
 23640 | Lair:5   | Reached XP level 15. HP: 112/112 MP: 26/28
 23641 | Lair:5   | Reached skill level 10 in Spellcasting
 23641 | Lair:5   | Reached XP level 16. HP: 118/118 MP: 26/30
 23721 | Lair:6   | Entered Level 6 of the Lair of Beasts
 23738 | Lair:6   | HP: 5/118 [wind drake/the air (10)]
 24588 | Lair:6   | Found a staircase to the Slime Pits.
 25209 | Orc:1    | Entered Level 1 of the Orcish Mines
 25242 | Orc:1    | Reached skill level 10 in Hexes
 25255 | Orc:1    | Found a dark tunnel.
 25266 | Volcano  | Entered a volcano
 25505 | Volcano  | HP: 5/118 [fire elemental (7)]
 25516 | Volcano  | HP: 4/118 [fire elemental[a deep elf pyromancer] (6)]
 26387 | Orc:1    | Noticed Nergalle
 26410 | Orc:1    | HP: 3/117 [sun demon[an orc sorcerer] (6)]
 26410 | Orc:1    | Demolished by a sun demon

Illustrated notes

Levels and vault maps discovered:
D:1:      dpeg_arrival_ternary, layout_loops_ring,
          hellmonk_ecumenical_altar_leap_of_faith, serial_shops, shop,
          nicolae_shop_waterfront, nicolae_shop_advertising_works
          [nicolae_subvault_shop_adworks], shop, minmay_misc_feat_ornament
D:2:      kennysheep_big_flooded_room, layout_basic
D:3:      layout_loops_ring, lemuel_crystal_altar,
          nicolae_overflow_hidden_temple, mainiacjoe_overflow_large_starburst,
          uniq_crazy_yiuf_cottage, uniq_ijyb
D:4:      minmay_evil_eye, layout_basic, kennysheep_little_box,
          lightli_ossuary_entry_decrepit_ruins, ebering_ghost_reflecting_pool,
          chequers_serial_rivers_micro_c
D:5:      layout_basic, nicolae_dithmenos_shadow_blocks,
          minmay_temple_entry_mist, kb_lookout_dungeons_type
D:6:      layout_rooms, uniq_eustachio
D:7:      layout_loops_cross, lightli_temple_of_fire,
          nicolae_tso_swordbearing_angel, ebering_ghost_rock_garden,
          nicolae_sextant
D:8:      layout_cave_pools, lemuel_crystal_altar, nicolae_uskayaw_en_pointe,
          mainiacjoe_overflow_paths, guppyfry_early_elven_hall
D:9:      layout_stronghold, slow_altar_2, grunt_lair_entry_orc_guard_hut,
          uniq_gastronok
D:10:     layout_loops_ring, minmay_fractal_squares_gapless_5, uniq_josephine
D:11:     layout_big_octagon, orc_david_3, serial_bayou_pond_b,
          amethyst_killhole
D:12:     layout_basic
Temple:   zaba_magenta_temple
Lair:1:   layout_regular_city, nicolae_quartered_pool_medium, st_stairs_5
Lair:2:   layout_chaotic_city, palyth_hydra_swamp_entry,
          minmay_snake_entry_six_corridors, chequers_serial_rivers_micro_e
Lair:3:   layout_chaotic_city
Lair:4:   layout_regular_city, wad_woods_01
Lair:5:   layout_regular_city, serial_forest, infiniplex_forest_clump_tiny,
          infiniplex_forest_side_room, infiniplex_forest_lined_room_2,
          infiniplex_forest_clump_tiny, infiniplex_forest_zigzag_2,
          infiniplex_forest_side_room, infiniplex_forest_end_2,
          infiniplex_forest_lined_1, uniq_sonja, uniq_snorg, uniq_urug
Lair:6:   gammafunk_lair_ancient_temple, layout_loops_ring,
          minmay_slime_entry_pillars
Orc:1:    layout_caves, nicolae_volcano_entry_lava_flow, uniq_nergalle

Skill      XL: |  1  2  3  4  5  6  7  8  9 10 11 12 13 14 15 16 |
---------------+-------------------------------------------------+-----
Maces & Flails | 1 2 3 4 5 7 9 11 12 13 | 13.5
Dodging        | 2 3 4 6 7 8 |  8.3
Evocations     | 4 5 6 |  6.0
Fighting       | 2 3 4 6 7 8 |  8.4
Spellcasting   | 1 4 6 8 9 10 | 10.9
Summonings     | 3 4 5 6 |  6.5
Hexes          | 3 8 9 10 | 10.6
Conjurations   | 2 3 |  3.4
Air Magic      | 2 3 4 |  4.8
Throwing       | |  0.9
Armour         | |  2.0
Stealth        | |  1.0

Action                   |  1- 3 |  4- 6 |  7- 9 | 10-12 | 13-15 | 16-18 || total
-------------------------+-------+-------+-------+-------+-------+-------++-------
Melee: Club              |   179 |    51 |       |       |       |       ||   230
       Punch             |     3 |     1 |     7 |     5 |     4 |     5 ||    25
       Mace              |       |    56 |   268 |       |       |       ||   324
       Flail             |       |       |   195 |   576 |   429 |   231 ||  1431
Throw: Dart              |       |       |     7 |       |       |       ||     7
Invok: Call Merchant     |       |       |       |       |     1 |       ||     1
Evoke: Wand              |     4 |     8 |    18 |    14 |    14 |     3 ||    61
       Piece from Xom's  |       |       |    15 |     2 |       |       ||    17
  Use: Scroll            |       |       |     2 |     9 |     3 |     3 ||    17
       Potion            |       |       |       |       |     6 |     7 ||    13
 Stab: Sleeping          |     7 |       |     2 |       |       |       ||     9
       Petrified         |       |       |     7 |       |       |       ||     7
       Petrifying        |       |       |     2 |       |       |       ||     2
       Distracted        |       |       |     2 |     2 |     1 |     1 ||     6
       Paralysed         |       |       |     5 |       |       |       ||     5
Armor: Leather armour    |    58 |       |       |       |       |       ||    58
       Robe              |       |    22 |    80 |       |       |       ||   102
       Ring mail         |       |       |   106 |    92 |       |       ||   198
       Chain mail        |       |       |       |   138 |   233 |   253 ||   624
Dodge: Dodged            |   127 |    96 |   461 |   335 |   124 |   125 ||  1268
